 Dungeon Crawl Stone Soup version 0.21.1-1-g345015f (webtiles) character file.

581481 inmateoo the Slayer (level 27, -8/397 HPs)
             Began as a Naga Fire Elementalist on Feb 21, 2018.
             Was the Champion of Cheibriados.
             Mangled by a golden dragon (37 damage)
             ... on level 4 of the Realm of Zot.
             The game lasted 01:56:42 (60090 turns).

inmateoo the Slayer (Naga Fire Elementalist)       Turns: 60090, Time: 01:56:43

Health: -8/397     AC: 33    Str: 33 (36) XL:     27
Magic:  0/36       EV: 22    Int: 31 (33) God:    Cheibriados [******]
Gold:   3842       SH: 10    Dex: 27      Spells: 9/52 levels left

rFire    + + .     SeeInvis +     - Unarmed
rCold    + + .     Gourm    .   Z - +3 buckler {rF+}
rNeg     + . .     Faith    .   (armour currently unavailable)
rPois    ∞         Spirit   .   N - +2 hat
rElec    +         Reflect  .   w - scarf {rC+ rF+}
rCorr    .         Harm     .   (gloves currently unavailable)
MR       ++++.                  (no barding)
Stlth    +++.......             I - amulet of magic regeneration
HPRegen  1.76/turn              h - ring of protection from cold
MPRegen  0.50/turn              K - ring of protection from magic

@: about to teleport, statue-form, regenerating, very slow
A: large, antennae 1, see invisible, deformed body, low mp 1, poison resistance,
robust 1, screaming 1, slow metabolism 1, spit poison 1, constrict 1, AC +9
}: 3/15 runes: serpentine, silver, abyssal
a: Spit Poison, End Transformation, Bend Time, Temporal Distortion, Slouch, Step
From Time, Renounce Religion


You were on level 4 of the Realm of Zot.
You worshipped Cheibriados.
Cheibriados was exalted by your worship.
You were very full.
You were a stone statue.
You visited 8 branches of the dungeon, and saw 43 of its levels.
You visited the Abyss 2 times.
You also visited: Labyrinth, Trove, Sewer, Ice Cave and Wizlab.

You collected 8355 gold pieces.
You spent 4513 gold pieces at shops.

Inventory:

Missiles
 x - 851 arrows
 B - 4 throwing nets (quivered)
Armour
 a - the +8 chain mail of the Lobster (melded) {Int+5}
   (You found it on level 6 of the Dungeon)

   It affects your intelligence (+5).
 k - a +2 pair of gloves (melded)
 w - a scarf of resistance (worn)
 N - a +2 hat (worn)
 S - a +1 naga barding of cold resistance
 V - a +4 naga barding of fire resistance (melded)
 Z - a +3 buckler of fire resistance (worn)
Jewellery
 d - the ring "Guleos" {*Drain rElec EV+3 Dex+9}
   (You took it off a yaktaur captain on level 5 of the Vaults)

   [ring of evasion]

   It affects your evasion (+3).
   It affects your dexterity (+9).
   It insulates you from electricity.
   It causes draining when unequipped.
 h - a ring of protection from cold (left hand)
 i - an uncursed ring of protection from fire
 m - an uncursed ring of resist corrosion
 F - an uncursed ring of positive energy
 I - an amulet of magic regeneration (around neck)
 K - a ring of protection from magic (right hand)
 U - an uncursed amulet of regeneration
Wands
 q - a wand of acid (57)
 r - a wand of paralysis (62)
 s - a wand of iceblast (25)
 u - a wand of digging (47)
 C - a wand of polymorph (33)
 O - a wand of clouds (2)
 R - a wand of disintegration (25)
 Y - a wand of scattershot (7)
Scrolls
 n - 8 scrolls of identify
 y - 19 scrolls of remove curse
 z - 6 scrolls of fear
 A - 14 scrolls of teleportation
 G - 3 scrolls of holy word
 H - a scroll of magic mapping
 J - a scroll of amnesia
 P - 9 scrolls of fog
 Q - 5 scrolls of blinking
Potions
 e - 6 potions of mutation
 f - 12 potions of flight
 g - 16 potions of heal wounds
 j - 7 potions of lignification
 p - 11 potions of brilliance
 t - 7 potions of ambrosia
 v - 20 potions of curing
 D - 3 potions of resistance
 M - 3 potions of agility
 W - 5 potions of cancellation
 X - 7 potions of might
Miscellaneous
 b - 3 sacks of spiders
 l - a phantom mirror
 o - a phial of floods
 E - a fan of gales
 T - a lamp of fire
Comestibles
 c - 47 rations


   Skills:
 + Level 22.4 Fighting
 - Level 10.0 Armour
 - Level 12.0 Dodging
 - Level 3.0 Stealth
 - Level 5.0 Shields
 - Level 21.0 Unarmed Combat
 + Level 13.1 Spellcasting
 - Level 4.0 Conjurations
 - Level 8.0 Charms
 - Level 6.0 Necromancy
 - Level 12.0 Transmutations
   Level 4.0 Fire Magic
 - Level 8.0 Air Magic
 - Level 18.0 Earth Magic
 - Level 8.0 Invocations
 - Level 8.0 Evocations


You had 9 spell levels left.
You knew the following spells:

 Your Spells              Type           Power        Failure   Level  Hunger
a - Regeneration          Chrm/Necr      ######....   1%          3    None
b - Statue Form           Tmut/Erth      #######..    1%          6    ####...
c - Leda's Liquefaction   Hex/Erth       ######....   1%          4    None
d - Lee's Rapid Deconstr  Erth           #######...   1%          5    None
e - Lehudib's Crystal Sp  Conj/Erth      ######....   86%         8    #######
f - Blink                 Tloc           N/A          3%          2    None
g - Deflect Missiles      Chrm/Air       ######....   13%         6    ####...
h - Passwall              Tmut/Erth      #######...   0%          2    None
i - Borgnjor's Vile Clut  Necr/Erth      #######...   1%          5    None
j - Sticks to Snakes      Tmut           #######.     1%          2    None


Dungeon Overview and Level Annotations

Branches:
Dungeon (15/15)            Temple (0/1) D:7            Lair (6/6) D:11
 Shoals (0/4) Lair:4        Snake (4/4) Lair:2        Slime (0/5) Lair:5
    Orc (2/2) D:12            Elf (2/3) Orc:2        Vaults (5/5) D:14
  Crypt (0/3) Vaults:3     Depths (5/5) D:15            Zot (4/5) Depths:5

Altars:
Ashenzari
Cheibriados
Kikubaaqudgha
Makhleb
Nemelex Xobeh
Okawaru
Sif Muna
Trog
Uskayaw
Vehumet
Wu Jian
Xom
Yredelemnul
Zin
The Shining One
Lugonu

Shops:
D:11 (   D:12 [   D:13 *   Orc:1 }   Orc:2 }*[*   Elf:1 *((*[   Snake:1 [
Snake:3 (((   Vaults:4 [?=:?   Vaults:5 =

Portals:
Hell: Lair:6 Depths:1 Depths:2 Depths:3 Depths:4 Depths:5
Abyss: Depths:1 Depths:2 Depths:3 Depths:4
Pandemonium: Orc:2 Depths:2 Depths:3 Depths:4
Ziggurat: Depths:1

Annotations:
D:7 Ratty's ghost, novice GrBe
D:11 Snorg
Lair:2 exclusion: 2 oklob plants
Elf:2 3 runed doors


Innate Abilities, Weirdness & Mutations

You cannot wear boots.
((Your serpentine skin is tough. (AC +9)))
You have supernaturally acute eyesight. (SInv)
Armour fits poorly on your strangely shaped body.
Your system is resistant to poisons. (rPois)
((You cover ground very slowly.))
You have a slow metabolism.
You can spit poison.
You can use your snake-like lower body to constrict enemies.
You have a pair of small antennae on your head.
((You are partially covered in icy blue scales. (AC +2)))
Your magical capacity is low. (-10% MP)
You are robust. (+10% HP)
You occasionally shout uncontrollably at your foes.


Message History

You feel your power leaking away. You block the ghost moth's attack.
The ghost moth completely misses you. You block the ghost moth's attack.
The golden dragon bites you!
* * * LOW HITPOINT WARNING * * *
The golden dragon claws you but does no damage.
The golden dragon tramples you!
* * * LOW HITPOINT WARNING * * *
You stumble backwards!
The ghost moth stares at you. x2
The moth of wrath completely misses you.
The golden dragon bites you!!
* * * LOW HITPOINT WARNING * * *
The golden dragon claws you.
* * * LOW HITPOINT WARNING * * *
The golden dragon closely misses you.
The ghost moth completely misses you. x2
The ghost moth stings you.
* * * LOW HITPOINT WARNING * * *
The ghost moth stares at you. The golden dragon bites you!!!
You die...

##### #...# ########### ##>..#
#.........######### #....#
##.#######.........# # ###...##
##..#....,#########.# # .##...#
##..##..#,,..,,,,,*#.# #
.##...###..##..##*,...,,,,##.####
..........##.DDy##*...$,###....†.
..........#[.DyD8#*...DD#(.......
.........©#.©.yDy#,...DD#.©......
.##.....#.#....y.#*,..DD#..######
.##....##.##....##*,..$,###.##
.##....##..##..##*,,,.,,{,##.####
.##...####..##..#,,,,,,,,{*#....#
.##..........#...,,#########.....
.##..).......#######.............
.##..............................


You could see a shadow dragon, 3 golden dragons, a storm dragon (berserk), 2
ghost moths and 3 moths of wrath.

Vanquished Creatures
  5 ancient liches
  The ghost of Nr616 the Conqueror, a legendary HOBe of Trog (Zot:4)
  2 juggernauts (Depths:4)
  Bai Suzhen (Snake:4)
  Saint Roka (Snake:3)
  A curse toe (Zot:2)
  7 caustic shrikes
  Frederick (Depths:1)
  11 golden dragons
  A bone dragon (Vaults:3)
  An electric golem (Zot:4)
  Rupert (Lair:4)
  13 tentacled monstrosities
  5 titans
  9 quicksilver dragons
  2 ancient champions (WizLab)
  5 liches
  A tentacled starspawn (Abyss:3)
  6 sphinxes
  5 death cobs
  Agnes (Depths:1)
  6 tengu reavers
  Kirke (Lair:6)
  7 shadow dragons
  15 storm dragons
  9 nagarajas
  5 draconian monks
  3 draconian knights
  6 fire giants
  4 draconian scorchers
  3 iron dragons
  3 deep elf sorcerers
  9 frost giants
  10 vault wardens
  3 ghost moths
  2 deep elf elementalists
  7 draconian annihilators
  7 draconian shifters
  A ghoul (Vaults:2)
  2 spriggan defenders (Depths:3)
  A draconian stormcaller (Zot:3)
  14 very ugly things
  A war gargoyle (Vaults:5)
  18 ironheart preservers
  17 stone giants
  A starcursed mass (Abyss:3)
  2 entropy weavers
  3 vampire knights
  3 deep elf demonologists
  10 black draconians
  8 green draconians
  3 deep elf annihilators
  11 white draconians
  Azrael (D:14)
  8 purple draconians
  3 crystal guardians
  7 red draconians
  2 blizzard demons
  6 yellow draconians
  The ghost of shakethe the Fighter, a journeyman DsFi of Okawaru (D:12)
  5 spark wasps
  16 ettins
  Josephine (D:15)
  A merfolk javelineer (Abyss:3)
  2 jiangshi (Depths:2)
  7 deep elf death magi
  A minotaur (Lab)
  9 great orbs of eyes
  4 deep elf high priests
  10 fire dragons
  3 spriggan air magi
  21 yaktaur captains
  8 ice dragons
  Harold (Lair:1)
  A catoblepas (shapeshifter) (Vaults:5)
  5 rakshasas
  12 naga warriors
  15 anacondas
  6 centaur warriors
  10 hydras
  Erica (D:10)
  29 vault guards
  3 death knights
  20 ogre magi
  A catoblepas (Lair:5)
  52 two-headed ogres
  9 dancing weapons
  7 tengu warriors
  A death yak (Lair:5)
  8 orc high priests (Orc:2)
  2 satyrs (Abyss:3)
  Urug (D:14)
  5 deep troll earth magi
  11 deep troll shamans
  16 deep elf knights
  9 shock serpents
  16 naga sharpshooters
  6 spriggan berserkers
  3 thrashing horrors (Abyss:3)
  A vampire mage (Depths:2)
  5 wretched stars (Abyss:3)
  2 sun demons
  A fire crab (shapeshifter) (Depths:4)
  A soul eater (Orc:2)
  4 salamander mystics (Snake:4)
  A spatial maelstrom (Abyss:3)
  6 hell knights
  12 skeletal warriors
  A shadow wraith (Vaults:4)
  7 flayed ghosts
  8 deep elf archers
  A sea snake (Snake:2)
  An unseen horror (D:15)
  3 glowing orange brains
  4 iron trolls
  26 deep trolls
  3 wizards
  9 ironbrand convokers
  An infernal demonspawn (Orc:2)
  A swamp dragon (Abyss:3)
  A torturous demonspawn (Depths:4)
  4 lindwurms (Snake:4)
  2 sea snakes (shapeshifter)
  3 phantasmal warriors
  2 wolf spiders
  6 naga ritualists
  20 orc knights
  An orb spider (shapeshifter) (Depths:1)
  50 deep elf magi
  8 orc sorcerers
  3 manticores
  A mana viper (shapeshifter) (Depths:2)
  4 necromancers
  45 ugly things
  A shining eye (shapeshifter) (Vaults:5)
  9 mana vipers
  6 cyclopes
  4 elephants
  7 salamanders
  19 moths of wrath
  A worldbinder (Abyss:3)
  7 guardian serpents
  23 naga magi
  3 apocalypse crabs
  3 orange demons
  2 ice statues (IceCv)
  Joseph (D:7)
  A gargoyle (D:10)
  A rust devil (Orc:2)
  A smoke demon (Lair:6)
  10 spiny frogs
  40 black mambas
  14 vault sentinels
  A spiny frog (shapeshifter) (Depths:4)
  2 kobold demonologists
  An efreet (D:15)
  A spriggan zombie (Depths:2)
  A demonic crawler (Abyss:3)
  7 freezing wraiths
  A spark wasp simulacrum (Depths:2)
  4 komodo dragons
  9 rime drakes
  58 yaktaurs
  3 hellwings
  4 ice devils
  5 tengu conjurers
  3 polar bears (Lair:2)
  2 ancient zymes (Abyss:3)
  3 meliai (D:13)
  A red devil (Orc:2)
  7 trolls
  5 large abominations (Abyss:3)
  3 hornets
  A meliai (shapeshifter) (Vaults:4)
  A queen bee (Lair:2)
  20 slime creatures
  15 hippogriffs
  5 blink frogs
  A raiju (shapeshifter) (Depths:2)
  A hippogriff (shapeshifter) (Depths:1)
  7 air elementals
  6 flying skulls (Abyss:2)
  A small abomination (Abyss:3)
  5 redbacks
  A tarantella (Vaults:5)
  A spriggan (D:9)
  A shadow (D:15)
  A wyvern (shapeshifter) (Depths:3)
  27 yaks
  12 water elementals
  8 wyverns
  7 vampires
  4 ynoxinuls
  10 wraiths
  Eustachio (D:6)
  A golden eye (shapeshifter) (Vaults:2)
  2 fire elementals (D:14)
  3 hogs (Lair:6)
  11 vampire mosquitoes
  7 basilisks
  A chaos spawn (Depths:4)
  2 neqoxecs
  3 spatial vortices (Abyss:3)
  2 two-headed ogre zombies (WizLab)
  6 wargs
  13 hell hounds
  A soldier ant (D:12)
  50 nagas
  8 water moccasins
  A floating eye (Depths:3)
  15 porcupines
  5 acid dragons
  A human skeleton (Depths:2)
  44 orc warriors
  2 phantoms
  A swamp drake (Lair:4)
  17 ice beasts
  3 sky beasts
  A black bear (shapeshifter) (Vaults:3)
  3 black bears (Lair:2)
  2 eyes of draining
  48 ogres
  A wolf (Lair:1)
  2 necrophages
  7 boggarts
  An eye of draining (shapeshifter) (Vaults:3)
  10 centaurs
  14 crocodiles
  9 big kobolds
  An earth elemental (Elf:1)
  26 bullfrogs
  Blork the orc (D:3)
  2 wyvern zombies
  A scorpion (D:8)
  26 killer bees
  8 troll zombies (WizLab)
  16 wights
  6 howler monkeys
  2 electric eels (Snake:2)
  13 crimson imps
  2 quasits
  3 centaur zombies
  2 iron imps (Depths:4)
  21 orc priests
  6 bullfrog skeletons
  3 jellies
  7 centaur skeletons
  5 hounds
  16 orc wizards
  2 iguanas
  8 worker ants
  8 ogre zombies (WizLab)
  2 hound skeletons
  A howler monkey zombie (D:9)
  A worker ant zombie (D:6)
  17 adders
  3 gnolls (D:11)
  7 shadow imps
  3 ufetubi
  An ooze (D:3)
  An adder zombie (D:5)
  2 adder skeletons
  4 worms
  2 dart slugs
  7 leopard geckos
  71 orcs
  A ball python (D:1)
  6 bats
  10 giant cockroaches
  12 goblins
  6 hobgoblins
  12 jackals
  14 kobolds
  2 quokkas
  4 frilled lizards
  A quokka zombie (D:6)
  10 rats
  2 crawling corpses (Vaults:5)
  A lurking horror (Abyss:3)
  2 plants
1986 creatures vanquished.

Vanquished Creatures (collateral kills)
  2 blink frogs (Lair:4)
2 creatures vanquished.

Vanquished Creatures (others)
  A nagaraja (Snake:4)
  A draconian knight (Zot:2)
  A yaktaur captain (Vaults:5)
  A black mamba (Snake:4)
  A naga mage (Snake:4)
  A blink frog (Lair:4)
  2 ogres
  A boggart (Vaults:3)
  24 fungi
  10 plants
  4 starspawn tentacles (Abyss:3)
47 creatures vanquished.

Grand Total: 2035 creatures vanquished

Notes
Turn   | Place    | Note
-------+----------+-------------------------------------------
     0 | D:1      | inmateoo the Naga Fire Elementalist began the quest for the Orb.
     0 | D:1      | Reached XP level 1. HP: 15/15 MP: 3/3
    82 | D:1      | Reached skill level 1 in Unarmed Combat
    83 | D:1      | Reached XP level 2. HP: 24/24 MP: 1/5
   103 | D:1      | Learned a level 2 spell: Throw Flame
   139 | D:1      | HP: 1/24 [giant cockroach (1)]
   142 | D:1      | Reached skill level 1 in Fighting
   624 | D:1      | Reached XP level 3. HP: 29/31 MP: 6/6
  1354 | D:2      | Reached XP level 4. HP: 39/39 MP: 5/7
  1452 | D:2      | Learned a level 3 spell: Conjure Flame
  1533 | D:2      | Found a hazy altar of Hepliaklqana.
  1535 | D:2      | Found a hazy altar of Hepliaklqana.
  1535 | D:2      | Found a radiant altar of Vehumet.
  1537 | D:2      | Found a shimmering altar of Xom.
  1537 | D:2      | Found a sparkling altar of Nemelex Xobeh.
  1537 | D:2      | Found a shimmering altar of Xom.
  2288 | D:3      | Found a glowing drain.
  2291 | D:3      | Reached skill level 2 in Fighting
  2303 | Sewer    | Entered a sewer
  2427 | Sewer    | Noticed a big kobold
  2440 | Sewer    | Killed a big kobold
  2440 | Sewer    | Reached XP level 5. HP: 40/45 MP: 2/8
  2461 | Sewer    | Found a white marble altar of Elyvilon.
  2805 | D:3      | Found a glowing golden altar of the Shining One.
  3912 | D:4      | Noticed Blork the orc
  3932 | D:3      | Killed Blork the orc
  3932 | D:3      | Reached XP level 6. HP: 29/55 MP: 9/9
  4561 | D:4      | Found a basalt altar of Yredelemnul.
  5130 | D:4      | Noticed a phantom
  5147 | D:4      | Killed a phantom
  5147 | D:4      | Reached XP level 7. HP: 55/61 MP: 8/11
  5218 | D:5      | Entered Level 5 of the Dungeon
  5304 | D:5      | Reached skill level 3 in Fighting
  5319 | D:5      | Learned a level 4 spell: Sticky Flame
  5632 | D:6      | Reached skill level 5 in Unarmed Combat
  5989 | D:5      | Found a bloodstained altar of Trog.
  6197 | D:5      | Reached XP level 8. HP: 37/72 MP: 7/12
  6474 | D:5      | Got a distressingly furry ring mail
  6485 | D:5      | Identified the +1 ring mail of Benticko {rPois rN+} (You found it on level 5 of the Dungeon)
  6588 | D:5      | Reached skill level 4 in Fighting
  7400 | D:6      | Got a shimmering chain mail
  7411 | D:6      | Identified the +8 chain mail of the Lobster {Int+5} (You found it on level 6 of the Dungeon)
  7751 | D:6      | Noticed Eustachio
  7772 | D:6      | Killed Eustachio
  7772 | D:6      | Reached skill level 5 in Fighting
  7772 | D:6      | Reached XP level 9. HP: 78/81 MP: 13/13
  8133 | D:6      | Found a sparkling altar of Nemelex Xobeh.
  8513 | D:7      | Found a hide-covered altar of Uskayaw.
  8516 | D:7      | Found a snail-covered altar of Cheibriados.
  8527 | D:7      | Became a worshipper of Cheibriados the Contemplative
  8593 | D:7      | Reached skill level 1 in Armour
  8692 | D:7      | Noticed Ratty's ghost (novice GrBe)
  8911 | D:8      | Found Zin's Purification Station.
  8911 | D:8      | Found a glowing silver altar of Zin.
  8918 | D:8      | Bought a potion of curing for 90 gold pieces
  8977 | D:8      | Found a deep blue altar of Sif Muna.
  9071 | D:8      | Noticed a two-headed ogre
  9076 | D:8      | Killed a two-headed ogre
  9076 | D:8      | Reached skill level 6 in Fighting
  9092 | D:8      | Reached XP level 10. HP: 84/92 MP: 14/14
  9308 | D:8      | Found an ancient bone altar of Kikubaaqudgha.
  9450 | D:8      | Reached * piety under Cheibriados
  9820 | D:8      | Learned a level 1 spell: Beastly Appendage
  9827 | D:8      | Learned a level 5 spell: Blade Hands
 10339 | D:7      | Reached skill level 10 in Unarmed Combat
 10350 | D:7      | Noticed Joseph
 10379 | D:7      | Killed Joseph
 10379 | D:7      | Reached skill level 1 in Transmutations
 10379 | D:7      | Reached skill level 1 in Invocations
 10734 | D:7      | Found a staircase to the Ecumenical Temple.
 11371 | D:9      | Found an iron altar of Okawaru.
 11386 | D:9      | Reached skill level 7 in Fighting
 11911 | D:9      | Found a shattered altar of Ashenzari.
 12115 | D:9      | Found an ornate altar of the Wu Jian Council.
 12238 | D:9      | Found an iron altar of Okawaru.
 12246 | D:9      | Reached ** piety under Cheibriados
 12301 | D:10     | Entered Level 10 of the Dungeon
 12406 | D:10     | Noticed a gargoyle
 12415 | D:10     | Killed a gargoyle
 12582 | D:10     | Reached skill level 1 in Shields
 12657 | D:10     | Noticed a two-headed ogre
 12663 | D:10     | Killed a two-headed ogre
 12693 | D:10     | Reached XP level 11. HP: 42/100 MP: 16/16
 12707 | D:10     | Noticed Erica
 13132 | D:10     | Killed Erica
 13367 | D:10     | Reached *** piety under Cheibriados
 14153 | D:10     | Learned a level 2 spell: Sticks to Snakes
 14228 | D:11     | Found Dasysan's Weapon Shop.
 14258 | D:11     | Noticed a manticore
 14273 | D:11     | Killed a manticore
 14501 | D:11     | Noticed a two-headed ogre
 14515 | D:11     | Killed a two-headed ogre
 15084 | D:11     | Noticed a cyclops
 15098 | D:11     | Killed a cyclops
 15143 | D:11     | Reached **** piety under Cheibriados
 15332 | D:11     | Noticed Snorg
 15332 | D:11     | Noticed a seven-headed hydra
 15748 | D:11     | Reached skill level 5 in Transmutations
 15792 | D:11     | Found a staircase to the Lair.
 15812 | Lair:1   | Entered Level 1 of the Lair of Beasts
 16656 | Lair:1   | Reached skill level 8 in Fighting
 17020 | Lair:1   | Noticed Harold
 17036 | Lair:1   | Killed Harold
 17036 | Lair:1   | Reached XP level 12. HP: 57/110 MP: 19/19
 17688 | Lair:2   | Found a labyrinth entrance.
 17710 | Lab      | Entered a labyrinth
 17956 | Lab      | Noticed a minotaur
 17968 | Lab      | Killed a minotaur
 17968 | Lab      | Reached skill level 5 in Spellcasting
 18197 | Lair:2   | Reached skill level 5 in Armour
 18210 | Lair:2   | Found an ornate altar of the Wu Jian Council.
 18225 | Lair:2   | Reached skill level 5 in Invocations
 18855 | Lair:2   | Found a staircase to the Snake Pit.
 18964 | Lair:2   | Noticed a six-headed hydra
 18978 | Lair:2   | Killed a six-headed hydra
 20289 | Lair:3   | Gained mutation: You can use your snake-like lower body to constrict enemies. [Naga growth]
 20289 | Lair:3   | Reached XP level 13. HP: 74/120 MP: 21/21
 20298 | Lair:3   | Reached ***** piety under Cheibriados
 20446 | Lair:3   | Reached skill level 9 in Fighting
 20723 | Lair:4   | Found a staircase to the Shoals.
 20835 | Lair:4   | Noticed Nessos
 20840 | Lair:4   | Noticed Nessos
 20840 | Lair:4   | Nessos changed into Nessos the redback
 20844 | Lair:4   | Killed Nessos the redback
 20968 | Lair:4   | Noticed Rupert
 20979 | Lair:4   | Cast into level 3 of the Abyss (Rupert)
 21085 | Lair:4   | Escaped the Abyss
 21167 | Lair:4   | Killed Rupert
 22030 | Lair:5   | Reached skill level 5 in Shields
 22234 | Lair:5   | Found a staircase to the Slime Pits.
 22714 | Lair:6   | Entered Level 6 of the Lair of Beasts
 22735 | Lair:6   | Noticed Kirke
 22741 | Lair:6   | Reached ****** piety under Cheibriados
 22747 | Lair:6   | Killed Kirke
 22747 | Lair:6   | Reached XP level 14. HP: 107/130 MP: 24/24
 23190 | Lair:6   | Reached skill level 10 in Transmutations
 23467 | Lair:6   | Found a burning altar of Makhleb.
 23474 | Lair:6   | Reached skill level 10 in Fighting
 23486 | Lair:6   | Found a gateway to Hell.
 23494 | Lair:6   | Found the +7 sceptre of Torment
 24391 | D:12     | Found Tengeinu's Armour Boutique.
 24408 | D:12     | Found a staircase to the Orcish Mines.
 24411 | D:12     | Noticed shakethe's ghost (journeyman DsFi)
 24433 | D:12     | Killed shakethe's ghost
 24436 | D:12     | Bought a +0 naga barding for 322 gold pieces
 24666 | D:12     | Got a sparkling brass ring
 24795 | D:12     | Identified the ring "Lusimiv" {Str+5 Int-4 Dex+4} (You took it off a crimson imp on level 12 of the Dungeon)
 25187 | D:12     | Found a glowing golden altar of the Shining One.
 25253 | D:12     | Reached skill level 11 in Fighting
 25253 | D:12     | Reached skill level 15 in Unarmed Combat
 25449 | D:12     | Noticed a frost giant
 25462 | D:12     | Killed a frost giant
 25462 | D:12     | Reached XP level 15. HP: 59/142 MP: 18/25
 26130 | D:13     | Reached skill level 12 in Fighting
 26184 | D:13     | Found Didoileaq's Assorted Antiques.
 26188 | D:13     | Bought a paperback book for 375 gold pieces
 26443 | D:14     | Reached skill level 1 in Evocations
 26496 | D:14     | Noticed Urug
 26503 | D:14     | Killed Urug
 26817 | D:14     | Found a gate to the Vaults.
 27140 | D:14     | Noticed Azrael
 27168 | D:14     | Killed Azrael
 27437 | D:15     | Entered Level 15 of the Dungeon
 27437 | D:15     | Noticed Josephine
 27583 | D:15     | Killed Josephine
 27736 | D:15     | Found a deep blue altar of Sif Muna.
 28310 | D:15     | Found a staircase to the Depths.
 28572 | D:15     | Learned a level 6 spell: Deflect Missiles
 28676 | Orc:1    | Entered Level 1 of the Orcish Mines
 29018 | Orc:1    | Found Kuidghal's Gadget Emporium.
 29428 | Orc:2    | Entered Level 2 of the Orcish Mines
 29439 | Orc:2    | Found a frozen archway.
 29484 | IceCv    | Entered an ice cave
 29763 | IceCv    | Reached skill level 13 in Fighting
 29763 | IceCv    | Reached skill level 5 in Evocations
 30356 | Orc:2    | Found Imuozel's General Store.
 30375 | Orc:2    | Found Meinimnaz's General Store.
 30477 | Orc:2    | Reached XP level 16. HP: 156/156 MP: 27/27
 30664 | Orc:2    | Found a staircase to the Elven Halls.
 31104 | Orc:2    | Gained mutation: Your magical capacity is low. (-10% MP) [a neqoxec]
 31106 | Orc:2    | Lost mutation: Your magical capacity is low. (-10% MP) [potion of mutation]
 31106 | Orc:2    | Gained mutation: You are partially covered in icy blue scales. (AC +2) [potion of mutation]
 31106 | Orc:2    | Gained mutation: You have a pair of small antennae on your head. [potion of mutation]
 31106 | Orc:2    | Gained mutation: You are robust. (+10% HP) [potion of mutation]
 31530 | Orc:2    | Found Tunu's Gadget Emporium.
 31530 | Orc:2    | Found Samnit's Antique Armour Shoppe.
 31530 | Orc:2    | Found a one-way gate leading to the halls of Pandemonium.
 31534 | Orc:2    | Bought a pair of runed gloves for 247 gold pieces
 31558 | Orc:2    | Bought a sack of spiders for 300 gold pieces
 31719 | Orc:2    | Bought a scroll of teleportation for 54 gold pieces
 31721 | Orc:2    | Bought 2 potions of heal wounds for 120 gold pieces
 31721 | Orc:2    | Bought a potion of heal wounds for 60 gold pieces
 31749 | Elf:1    | Entered Level 1 of the Elven Halls
 31934 | Elf:1    | Found Wocuwosu's Weapon Emporium.
 31960 | Elf:1    | Found Luacw's General Store.
 32059 | Elf:1    | Bought a potion of resistance for 170 gold pieces
 32200 | Elf:1    | Found Doexugor's Assorted Antiques.
 32206 | Elf:1    | Bought a wavering golden ring for 200 gold pieces
 32206 | Elf:1    | Identified the ring "Iruschop" {Ice Str+2} (You bought it in a shop on level 1 of the Elven Halls)
 32277 | Elf:1    | Found Xomizimiu's Weapon Boutique.
 32857 | Elf:1    | Found Viomaev's Armour Shop.
 32943 | Elf:1    | Identified the Guide on Arcane Weapons
 33068 | Elf:2    | Noticed a Brimstone Fiend
 33146 | Elf:2    | Reached skill level 14 in Fighting
 33189 | Elf:2    | Found a magical portal.
 33198 | WizLab   | Entered Zonguldrok's Shrine
 33634 | WizLab   | Noticed an ancient champion
 33646 | WizLab   | Killed an ancient champion
 33677 | WizLab   | Noticed an ancient champion
 33693 | WizLab   | HP: 2/174 [skeletal warrior/battleaxe (13)]
 33696 | WizLab   | Killed an ancient champion
 33696 | WizLab   | Reached XP level 17. HP: 29/182 MP: 28/30
 34227 | WizLab   | Noticed an antique lich
 34242 | WizLab   | Killed an antique lich
 34257 | WizLab   | Found the +9 sword of Zonguldrok {reap}
 34284 | WizLab   | Learned a level 6 spell: Statue Form
 34634 | Elf:2    | Found a runed gate.
 34648 | Elf:2    | Found a runed gate.
 34652 | Elf:2    | Found a runed gate.
 34681 | Elf:2    | Reached skill level 1 in Earth Magic
 35434 | Snake:1  | Entered Level 1 of the Snake Pit
 35444 | Snake:1  | Gained mutation: Your magical capacity is low. (-10% MP) [mutagenic glow]
 36162 | Snake:1  | Found Ruchoe's Specialty Armours.
 36180 | Snake:1  | Bought a +1 naga barding of fire resistance for 560 gold pieces
 36640 | Snake:2  | Reached skill level 15 in Fighting
 37602 | Snake:3  | Reached XP level 18. HP: 195/195 MP: 25/28
 37649 | Snake:3  | Reached skill level 5 in Earth Magic
 37749 | Snake:3  | Found Butif's Distillery.
 37750 | Snake:3  | Found Rufiekk's Weapon Shoppe.
 37750 | Snake:3  | Found Cyus's Weapon Emporium.
 37755 | Snake:3  | Found Iweunog's Weapon Emporium.
 37826 | Snake:3  | Bought a potion of lignification for 42 gold pieces
 37826 | Snake:3  | Bought a potion of lignification for 42 gold pieces
 37826 | Snake:3  | Bought a potion of curing for 42 gold pieces
 37826 | Snake:3  | Bought a potion of heal wounds for 70 gold pieces
 37826 | Snake:3  | Bought a potion of curing for 42 gold pieces
 37826 | Snake:3  | Bought a potion of curing for 42 gold pieces
 37826 | Snake:3  | Bought a potion of flight for 42 gold pieces
 37826 | Snake:3  | Bought a potion of curing for 42 gold pieces
 37826 | Snake:3  | Bought a potion of heal wounds for 70 gold pieces
 37826 | Snake:3  | Bought 2 potions of ambrosia for 224 gold pieces
 37826 | Snake:3  | Bought a potion of lignification for 42 gold pieces
 37826 | Snake:3  | Bought 2 potions of flight for 84 gold pieces
 37826 | Snake:3  | Bought a potion of agility for 56 gold pieces
 38155 | Snake:3  | Noticed Saint Roka
 38181 | Snake:3  | Killed Saint Roka
 38181 | Snake:3  | Reached skill level 10 in Spellcasting
 38536 | Snake:4  | Entered Level 4 of the Snake Pit
 39019 | Snake:4  | Noticed Bai Suzhen
 39031 | Snake:4  | Killed Bai Suzhen
 40264 | Snake:4  | Learned a level 5 spell: Borgnjor's Vile Clutch
 40269 | Snake:4  | Learned a level 2 spell: Blink
 40272 | Snake:4  | Learned a level 2 spell: Passwall
 40323 | Snake:4  | Reached XP level 19. HP: 195/204 MP: 25/29
 40664 | Snake:4  | Got a serpentine rune of Zot
 41249 | Vaults:1 | Entered Level 1 of the Vaults
 41356 | Vaults:1 | Reached skill level 10 in Earth Magic
 41882 | Vaults:1 | Reached skill level 10 in Armour
 42309 | Vaults:1 | Found Jookk's Distillery.
 42349 | Vaults:1 | Bought a potion of heal wounds for 70 gold pieces
 42349 | Vaults:1 | Bought a potion of heal wounds for 70 gold pieces
 42349 | Vaults:1 | Bought 2 potions of heal wounds for 140 gold pieces
 42349 | Vaults:1 | Bought 2 potions of might for 112 gold pieces
 42349 | Vaults:1 | Bought a potion of brilliance for 56 gold pieces
 42349 | Vaults:1 | Bought a potion of might for 56 gold pieces
 42349 | Vaults:1 | Bought a potion of curing for 42 gold pieces
 42349 | Vaults:1 | Bought a potion of ambrosia for 112 gold pieces
 42349 | Vaults:1 | Bought a potion of brilliance for 56 gold pieces
 42349 | Vaults:1 | Bought a potion of magic for 112 gold pieces
 42439 | Vaults:1 | Reached XP level 20. HP: 194/213 MP: 30/30
 42997 | Vaults:1 | Reached skill level 1 in Charms
 42998 | Vaults:1 | Reached skill level 1 in Air Magic
 43179 | Vaults:1 | Found a portal to a secret trove of treasure.
 43721 | Vaults:2 | Reached skill level 5 in Dodging
 45816 | Vaults:3 | Noticed a bone dragon
 45824 | Vaults:3 | Killed a bone dragon
 45825 | Vaults:3 | Found a staircase to the Crypt.
 46035 | Vaults:4 | Reached XP level 21. HP: 222/222 MP: 31/31
 46579 | Vaults:4 | Learned a level 5 spell: Lee's Rapid Deconstruction
 46718 | Vaults:4 | Found Fulistrud's Magic Scroll Shoppe.
 46725 | Vaults:4 | Bought a scroll of blinking for 172 gold pieces
 46725 | Vaults:4 | Bought a scroll of magic mapping for 80 gold pieces
 46894 | Vaults:4 | Found Ruirurop's Book Boutique.
 46944 | Vaults:4 | Found Ogaurch's Magic Scroll Shop.
 46952 | Vaults:4 | Bought a scroll of blinking for 97 gold pieces
 47285 | Vaults:4 | Found Ipuziof's Armour Shop.
 47334 | Vaults:4 | Found Asyighiu's Jewellery Shop.
 47366 | Vaults:5 | Entered Level 5 of the Vaults
 47369 | Vaults:5 | Reached skill level 5 in Charms
 47369 | Vaults:5 | Reached skill level 5 in Air Magic
 47376 | Vaults:5 | Noticed a golden dragon
 47987 | Vaults:5 | Killed a golden dragon
 47987 | Vaults:5 | Reached skill level 16 in Fighting
 47987 | Vaults:5 | Reached XP level 22. HP: 109/234 MP: 7/32
 48298 | Vaults:5 | Gained mutation: You occasionally shout uncontrollably at your foes. [a shining eye]
 48347 | Vaults:5 | Noticed an ancient lich
 48351 | Vaults:5 | Killed an ancient lich
 48407 | Vaults:5 | Noticed an ancient lich
 48576 | Vaults:5 | Killed an ancient lich
 48635 | Vaults:5 | Cast into level 2 of the Abyss (yaktaur captain)
 48879 | Abyss:3  | Reached skill level 15 in Earth Magic
 48914 | Abyss:3  | Found a corrupted altar of Lugonu.
 48916 | Abyss:3  | Got an abyssal rune of Zot
 48937 | Vaults:5 | Escaped the Abyss
 49022 | Vaults:5 | Got a scintillating platinum ring
 49139 | Vaults:5 | Got a silver rune of Zot
 49371 | Vaults:5 | Identified the Compendium of Unholy Moulding
 49386 | Vaults:5 | Learned a level 3 spell: Regeneration
 49412 | Vaults:5 | Identified the ring "Guleos" {*Drain rElec EV+3 Dex+9} (You took it off a yaktaur captain on level 5 of the Vaults)
 49437 | Vaults:5 | Paralysed by a sphinx for 3 turns
 49506 | Vaults:5 | Reached XP level 23. HP: 244/244 MP: 28/33
 49531 | Vaults:5 | Reached skill level 10 in Dodging
 49590 | Vaults:5 | Found Hommem's Jewellery Shoppe.
 50150 | Vaults:5 | Identified the +1 ring mail of Pantheism {rC++ rN+ Stlth-} (You found it on level 5 of the Vaults)
 50326 | Vaults:1 | You showed the abyssal rune of Zot to enter a treasure trove
 50327 | Trove    | Entered a treasure trove
 50351 | Trove    | Got an ancient ruby amulet
 50352 | Trove    | Identified the amulet of Nisek {Reflect Str+2 SH+4} (You found it in a treasure trove)
 50362 | Trove    | Identified the +2 plate armour of the Wilderness {rElec rPois Regen+ Stlth-} (You found it in a treasure trove)
 50368 | Trove    | Identified the +8 demon trident of the Present {flame, rElec rC- Dex+8} (You found it in a treasure trove)
 50497 | Depths:1 | Entered Level 1 of the Depths
 51108 | Depths:1 | Found a gateway to a ziggurat.
 51223 | Depths:1 | Noticed Frederick
 51224 | Depths:1 | Noticed Agnes
 51229 | Depths:1 | Killed Frederick
 51231 | Depths:1 | Killed Agnes
 51386 | Depths:1 | Found a one-way gate to the infinite horrors of the Abyss.
 51565 | Depths:2 | Found a hide-covered altar of Uskayaw.
 51648 | Depths:2 | Reached skill level 1 in Necromancy
 51649 | Depths:2 | Noticed a golden dragon
 51659 | Depths:2 | Killed a golden dragon
 51964 | Depths:2 | Noticed a golden dragon
 51968 | Depths:2 | Killed a golden dragon
 51968 | Depths:2 | Reached XP level 24. HP: 254/254 MP: 29/33
 52233 | Depths:2 | Reached skill level 17 in Fighting
 52897 | Depths:3 | Reached skill level 5 in Necromancy
 53129 | Depths:3 | Paralysed by a floating eye for 4 turns
 53243 | Depths:3 | Identified the cursed +0 plate armour of the Vaults {*Drain rElec Dex+2} (You found it on level 3 of the Depths)
 54011 | Depths:4 | Noticed a juggernaut
 54017 | Depths:4 | Killed a juggernaut
 54020 | Depths:4 | Noticed a juggernaut
 54025 | Depths:4 | Killed a juggernaut
 54048 | Depths:4 | Noticed a caustic shrike
 54056 | Depths:4 | Killed a caustic shrike
 54056 | Depths:4 | Reached XP level 25. HP: 267/267 MP: 23/33
 54111 | Depths:4 | Identified Gesir's Catalogue of Poisoning and Stones
 54118 | Depths:4 | Learned a level 4 spell: Leda's Liquefaction
 54135 | Depths:4 | Identified the amulet of Divine Compulsion {Faith rPois rF- rN+ Int+4} (You took it off a deep elf high priest on level 4 of the Depths)
 54282 | Depths:4 | Found a corrupted altar of Lugonu.
 54634 | Depths:5 | Entered Level 5 of the Depths
 54652 | Depths:5 | Reached skill level 18 in Fighting
 54777 | Depths:5 | Found a gate to the Realm of Zot.
 55671 | Zot:1    | Entered Level 1 of the Realm of Zot
 55749 | Zot:1    | Reached skill level 19 in Fighting
 56600 | Zot:2    | Reached XP level 26. HP: 219/286 MP: 14/33
 56604 | Zot:2    | Reached skill level 20 in Fighting
 56824 | Zot:2    | Reached skill level 21 in Fighting
 57550 | Zot:3    | Found a transporter.
 57555 | Zot:3    | Found a radiant altar of Vehumet.
 58283 | Zot:3    | Noticed an ancient lich
 58286 | Zot:3    | Noticed an ancient lich
 58289 | Zot:3    | Killed an ancient lich
 58300 | Zot:3    | Killed an ancient lich
 58352 | Zot:3    | Found a transporter.
 58452 | Zot:3    | Learned a level 8 spell: Lehudib's Crystal Spear
 58519 | Zot:4    | Noticed Nr616's ghost (legendary HOBe)
 58531 | Zot:4    | Killed Nr616's ghost
 58638 | Zot:4    | HP: 15/382 [acid (17)]
 58643 | Zot:4    | Reached skill level 22 in Fighting
 58650 | Zot:4    | Reached XP level 27. HP: 63/304 MP: 35/35
 59280 | Zot:4    | Found a transporter.
 59312 | Zot:4    | Found the +0 mask of the Dragon {MR+ Slay+3 SInv}
 60090 | Zot:4    | Mangled by a golden dragon

Skill      XL: |  1  2  3  4  5  6  7  8  9 10 11 12 13 14 15 16 17 18 19 20 21 22 23 24 25 26 27 |
---------------+----------------------------------------------------------------------------------+-----
Unarmed Combat | 1 2 3 4 5 7 9 10 11 12 13 15 16 18 19 20 21 | 21.0
Fighting       | 1 2 3 5 6 7 8 9 11 13 14 15 16 17 19 22 | 22.4
Dodging        | 2 3 6 8 9 11 12 | 12.0
Spellcasting   | 3 4 5 6 7 9 10 12 13 | 13.1
Fire Magic     | 4 |  4.0
Conjurations   | 2 4 |  4.0
Armour         | 2 3 4 5 6 7 8 9 10 | 10.0
Transmutations | 3 5 7 9 10 11 12 | 12.0
Invocations    | 2 4 5 7 8 |  8.0
Shields        | 1 3 4 5 |  5.0
Evocations     | 5 8 |  8.0
Earth Magic    | 4 9 12 13 14 15 16 18 | 18.0
Charms         | 3 5 7 8 |  8.0
Air Magic      | 4 6 7 8 |  8.0
Necromancy     | 3 6 |  6.0
Stealth        | |  3.0

Action                   |  1- 3 |  4- 6 |  7- 9 | 10-12 | 13-15 | 16-18 | 19-21 | 22-24 | 25-27 || total
-------------------------+-------+-------+-------+-------+-------+-------+-------+-------+-------++-------
Melee: Unarmed           |    57 |    78 |   561 |   913 |   988 |   853 |   686 |   750 |   584 ||  5470
       Punch             |       |     1 |     5 |     7 |       |       |       |       |       ||    13
       Headbutt          |       |       |       |     5 |   157 |    24 |       |       |       ||   186
       Constrict         |       |       |       |       |   224 |   209 |   143 |    80 |    87 ||   743
 Fire: Hand crossbow     |       |    35 |     9 |       |       |       |       |       |       ||    44
Throw: Throwing net      |       |       |       |       |       |       |     1 |       |       ||     1
 Cast: Flame Tongue      |    30 |    64 |     1 |       |       |       |       |       |       ||    95
       Sticky Flame      |       |       |     1 |       |       |       |       |       |       ||     1
       Beastly Appendage |       |       |       |     1 |    35 |     3 |       |       |       ||    39
       Sticks to Snakes  |       |       |       |       |    16 |       |       |       |       ||    16
       Statue Form       |       |       |       |       |       |    35 |    59 |    58 |    42 ||   194
       Borgnjor's Vile C |       |       |       |       |       |       |    18 |    54 |    21 ||    93
       Lee's Rapid Decon |       |       |       |       |       |       |       |     7 |    28 ||    35
       Regeneration      |       |       |       |       |       |       |       |    18 |    49 ||    67
       Deflect Missiles  |       |       |       |       |       |       |       |     4 |     2 ||     6
Invok: Slouch            |       |       |       |     4 |    13 |     8 |    10 |     4 |     2 ||    41
       Temporal Distorti |       |       |       |       |       |     1 |     4 |     4 |       ||     9
 Abil: Spit Poison       |     5 |     8 |    33 |    39 |     3 |     1 |       |       |       ||    89
Evoke: Wand              |       |       |     2 |     9 |    11 |       |       |     5 |     3 ||    30
       Phial of floods   |       |       |       |     1 |     1 |       |       |       |       ||     2
       Box of beasts     |       |       |       |       |       |       |       |     1 |       ||     1
  Use: Scroll            |       |    10 |     8 |    15 |     7 |    11 |     9 |    13 |    25 ||    98
       Potion            |       |       |     3 |     1 |     1 |     2 |       |     1 |     4 ||    12
 Stab: Sleeping          |     4 |     2 |     3 |       |       |     3 |       |     1 |       ||    13
       Paralysed         |       |       |       |     7 |       |       |       |     1 |       ||     8
       Petrified         |       |       |       |       |     3 |       |       |       |       ||     3
       Distracted        |       |       |       |       |     3 |       |       |       |       ||     3
       Petrifying        |       |       |       |       |     1 |       |       |       |       ||     1
  Eat: Chunk             |     1 |    12 |     8 |    22 |    22 |    13 |       |       |       ||    78
       Ration            |       |       |     1 |     3 |       |     7 |    10 |    11 |    10 ||    42
Armor: Robe              |    12 |    38 |    66 |       |       |       |       |       |       ||   116
       Chain mail        |       |       |   159 |   761 |   715 |   254 |    19 |    47 |   111 ||  2066
       Ring mail         |       |       |    54 |       |       |       |       |       |       ||    54
       Skin              |       |       |    12 |     6 |       |   412 |   451 |   374 |   454 ||  1709
Dodge: Dodged            |    46 |    60 |   181 |   282 |   354 |   444 |   531 |   677 |   838 ||  3413
       Deflected         |       |       |       |       |       |       |       |    54 |    45 ||    99
Block: Shield            |       |       |       |   329 |       |       |       |       |       ||   329
       Buckler           |       |       |       |   121 |   494 |   442 |   385 |   405 |   406 ||  2253
